 Dungeon Crawl Stone Soup version 0.16-a0-282-ga87e286 (webtiles) character file.

114 Charly the Digger (level 4, -1/24 HPs)
             Began as a Gargoyle Earth Elementalist on Aug 27, 2014.
             Slain by an adder (2 damage)
             ... on Level 4 of the Dungeon.
             The game lasted 00:08:33 (575 turns).

Charly the Digger (Gargoyle Earth Elementalist)      Turns: 575, Time: 00:08:33

HP  -1/24        AC  5     Str 11      XL: 4   Next: 97%
MP   0/7         EV 12     Int 17      God:
Gold 118         SH  0     Dex 10      Spells:  2 memorised,  3 levels left

rFire  . . .     SeeInvis .     a - +0 flail
rCold  . . .     Clarity  .     c - +0 robe
rNeg   + . .     rCorr    .     (no shield)
rPois  +         rRot     +     (no helmet)
rElec  +         Spirit   .     (no cloak)
SustAb .         Warding  .     (no gloves)
rMut   .         Stasis   .     (no boots)
Gourm  .                        (no amulet)
MR     .....                    (no ring)
                                (no ring)

@: not resistant to hostile enchantments, unstealthy
A: negative energy resistance 1, electricity resistance, unbreathing,
petrification resistance, rot immunity, AC +3
a: no special abilities


You were on level 4 of the Dungeon.
You were not hungry.

You visited 1 branch of the dungeon, and saw 4 of its levels.

You collected 118 gold pieces.

Inventory:

Hand weapons
 a - a +0 flail (weapon)
Missiles
 b - 42 stones (quivered)
Armour
 c - a +0 robe (worn)
Comestibles
 i - 2 meat rations
 j - a bread ration
Scrolls
 e - 2 scrolls of identify {unknown}
 l - a scroll of magic mapping {unknown}
 n - a scroll of blinking {unknown}
Potions
 f - a potion of lignification {unknown}
 g - a potion of invisibility {unknown}
 h - a potion of curing {unknown}
 k - a potion of heal wounds {unknown}
Books
 d - a book of Geomancy

   Spells                             Type                      Level
   *Sandblast                         Earth                        1
   Stoneskin                          Transmutation/Earth          2
   Passwall                           Transmutation/Earth          3
   *Stone Arrow                       Conjuration/Earth            3
   Petrify                            Transmutation/Earth          4
   Lee's Rapid Deconstruction         Earth                        5
 m - a book of Summonings

   Spells                             Type                      Level
   Abjuration                         Summoning                    3
   Recall                             Summoning/Translocation      3
   Shadow Creatures                   Summoning                    5
   Summon Demon                       Summoning                    5
   Summon Forest                      Summoning/Translocation      5
   Monstrous Menagerie                Summoning                    6


   Skills:
 - Level 1.5 Dodging
 - Level 2.7 Stealth
 - Level 2.2 Spellcasting
 + Level 1.3 Conjurations
   Level 0.7 Transmutations
 + Level 5.9 Earth Magic


You had 3 spell levels left.
You knew the following spells:

 Your Spells              Type           Power        Failure   Level  Hunger
a - Stone Arrow           Conj/Erth      ##....       14%         3    ####...
b - Sandblast             Erth           ###...       1%          1    #......


Dungeon Overview and Level Annotations

Branches:
Dungeon (4/15)
 Temple: D:4-7

Altars:
Elyvilon


Innate Abilities, Weirdness & Mutations

You are resistant to torment.
You are immune to poison.
Your stone body is very resilient (AC +3).
You resist negative energy.
You are resistant to electric shocks.
You can survive without breathing.
You are immune to petrification.
You are immune to rotting.


Message History

The adder bites you.
* * * LOW HITPOINT WARNING * * *
The adder bites you.
* * * LOW HITPOINT WARNING * * *
You barely miss the adder. The adder bites you but does no damage.
The adder closely misses you.
You barely miss the adder. The adder bites you.
* * * LOW HITPOINT WARNING * * *
Casting: Sandblast
Confirm with . or Enter, or press ? or * to list all spells.
Aiming: Sandblast
Press: ? - help, Shift-Dir - straight line, f/p - adder
Aim: an adder The blast of sand misses the adder.
The adder misses you. The adder barely misses you.
Drink which item? (? for menu, Esc to quit)
Okay, then.
You closely miss the adder. The adder closely misses you. The adder bites you.
You die...

....# #....###..#
.....# #...## ###
......## ##..##
........##+##...#
.................#
..........(.%...##
............>...#
.................#
........(@.......#
........S......$.#
........)..........
..............#...
..............###
.............##
..........###
.......?## ##..##..


You could see an adder.

Vanquished Creatures
  A hound (D:4)
  A worker ant (D:4)
  Jessica (D:2)
  3 green rats (D:4)
  2 giant geckos
  A bat (D:3)
  3 goblins
  4 jackals (D:4)
  2 kobolds
  2 giant newts
  An orc skeleton (D:4)
  A rat (D:4)
22 creatures vanquished.

Vanquished Creatures (others)
  A quokka (D:2)
1 creature vanquished.

Grand Total: 23 creatures vanquished

Notes
Turn   | Place    | Note
--------------------------------------------------------------
     0 | D:1      | Charly, the Gargoyle Earth Elementalist, began the quest for the Orb.
     0 | D:1      | Reached XP level 1. HP: 10/10 MP: 3/3
   121 | D:2      | Found a white marble altar of Elyvilon.
   150 | D:2      | Noticed Jessica
   161 | D:2      | Killed Jessica
   161 | D:2      | Reached skill level 4 in Earth Magic
   161 | D:2      | Reached XP level 2. HP: 3/15 MP: 0/4
   188 | D:3      | Reached XP level 3. HP: 6/19 MP: 1/6
   342 | D:4      | Reached skill level 5 in Earth Magic
   342 | D:4      | Reached XP level 4. HP: 12/24 MP: 3/7
   347 | D:4      | Learned a level 3 spell: Stone Arrow
   557 | D:4      | Reached skill level 1 in Conjurations
   572 | D:4      | HP: 1/24 [adder (3)]
   575 | D:4      | Slain by an adder

Action                   |  1- 3 |  4- 6 || total
-------------------------+-------+-------++-------
Melee: Unarmed           |    15 |       ||    15
       Flail             |     2 |    14 ||    16
 Cast: Sandblast         |    20 |    26 ||    46
